 Dungeon Crawl Stone Soup version 0.28-a0-674-gdaf460b524 (webtiles) character file.

Game seed: 8236883241542330918

4110 SolCadguy the Cleaver (level 10, -2/66 (71) HPs)
             Began as a Palentonga Warper on Oct 11, 2021.
             Was a Priest of Okawaru.
             Shot with an arrow by a centaur (6 damage)
             ... on level 9 of the Dungeon on Oct 18, 2021.
             The game lasted 00:45:32 (16179 turns).

SolCadguy the Cleaver (Palentonga Warper)          Turns: 16179, Time: 00:45:32

HP:   -2/66 (71)    AC: 20    Str: 25    XL:     10   Next: 6%
MP:   13/13         EV:  9    Int: 14    God:    Okawaru [***...]
Gold: 479           SH:  0    Dex: 12    Spells: 11/13 levels left

rFire   + + .      SeeInvis +   a - +1 hand axe
rCold   + . .      Faith    .   (no shield)
rNeg    . . .      Spirit   .   g - +2 ring mail {rF+}
rPois   +          Reflect  .   o - +0 helmet
rElec   +          Harm     .   A - +0 cloak
rCorr   +          Rampage  .   n - +0 pair of gloves
Will    .....                   (no barding)
Stlth   ++........              h - amulet of magic regeneration
HPRegen 0.21/turn               e - +6 ring of strength
MPRegen 0.38/turn               (no ring)

@: resistant, very slightly contaminated, drained, invisible, curled up
A: large, rugged brown scales 3, see invisible, deformed body, roll 1, armoured
tail, reflexive curl, iridescent scales 1, thin skeletal structure 1, strong 1
a: Rolling Charge, Renounce Religion, Heroism


You were on level 9 of the Dungeon.
You worshipped Okawaru.
Okawaru was most pleased with you.
You visited 2 branches of the dungeon, and saw 10 of its levels.

You collected 479 gold pieces.

Inventory:

Hand Weapons
 a - a +1 hand axe (weapon)
 y - a +0 flail
 z - a +1 dagger of speed
 F - a +1 dagger of chaos
 I - a +0 hunting sling
 J - a +0 quarterstaff
Missiles
 d - 4 boomerangs of dispersal
 f - 160 sling bullets
 i - 306 stones
 u - 7 boomerangs (quivered)
 B - 2 throwing nets
Armour
 b - a +0 leather armour
 c - a +0 troll leather armour {Purgy}
 g - a +2 ring mail of fire resistance (worn)
 k - a +0 robe of the Archmagi
 n - a +0 pair of gloves (worn)
 o - a +0 helmet (worn)
 A - a +0 cloak (worn)
 D - a +0 kite shield
Jewellery
 e - a +6 ring of strength (left hand)
 h - an amulet of magic regeneration (around neck)
Wands
 t - a wand of paralysis (3)
 v - a wand of flame (11)
Scrolls
 j - 4 scrolls of teleportation
 l - a scroll of enchant weapon
 r - a scroll of fog {unknown}
 w - a scroll of brand weapon {unknown}
 K - a scroll of identify
Potions
 m - a potion of ambrosia
 p - a potion of flight
 q - a potion of attraction
 s - a potion of brilliance
 C - a potion of curing
 G - a potion of berserk rage


   Skills:
 - Level 2.0 Fighting
 - Level 14.0 Axes
 - Level 0.6 Throwing
 + Level 3.3 Armour
 - Level 1.5 Dodging
 - Level 2.0 Spellcasting
 - Level 3.0 Translocations


You had 11 spell levels left.
You knew the following spells:

 Your Spells              Type           Power      Damage    Failure   Level
a - Blink                 Tloc           N/A        N/A       16%         2

Your spell library contained the following spells:

 Spells                   Type           Power      Damage    Failure   Level
 Gell's Gravitas          Tloc           4%         N/A       30%         3
 Lesser Beckoning         Tloc           9%         N/A       30%         3
 Teleport Other           Tloc           9%         N/A       30%         3
 Pain                     Necr           4%         1d4       34%         1
 Scorch                   Fire           2%         2d5       47%         2
 Vampiric Draining        Necr           0%         2d6       71%         3
 Manifold Assault         Tloc           9%         N/A       96%         5
 Flame Wave               Conj/Fire      1%         3d3       98%         4
 Orb of Destruction       Conj           0%         N/A       100%        7
 Animate Skeleton         Necr           Unusable   N/A       N/A         1
 Summon Guardian Golem    Hex/Summ       Unusable   N/A       N/A         3
 Summon Cactus Giant      Summ           Unusable   N/A       N/A         6
 Spellforged Servitor     Conj/Summ      Unusable   N/A       N/A         7

Dungeon Overview and Level Annotations

Branches:
Dungeon (9/15)             Temple (1/1) D:4            Lair (0/6) D:9
    Orc: D:9-12

Altars:
Ashenzari
Cheibriados
Dithmenos
Elyvilon
Fedhas
Gozag
Hepliaklqana
Kikubaaqudgha
Makhleb
Nemelex Xobeh
Okawaru
Qazlal
Ru
Sif Muna
Trog
Uskayaw
Vehumet
Wu Jian
Xom
Yredelemnul
Zin
The Shining One


Innate Abilities, Weirdness & Mutations

You are completely covered in rugged brown scales. (AC +3, +7% HP)
You have supernaturally acute eyesight. (SInv)
Armour fits poorly on your strangely shaped body.
You can roll at nearby foes to attack.
You have a long armoured tail.
You curl defensively after being hit.
You are partially covered in iridescent scales. (AC +2)
You have a somewhat thin skeletal structure. (Dex +2, Stealth+)
Your muscles are strong. (Str +2)


Message History

You feel strangely unstable.
The water moccasin bites the plant!
The iguana bites the plant!
The yak barely misses you.
The kobold brigand hits you but does no damage.
The water moccasin bites the plant!
The kobold hits you but does no damage.
The yak gores the plant.
The kobold hits the plant with a +0 short sword.
The water moccasin bites the plant.
The iguana bites the plant.
The kobold throws a stone.
The stone barely misses you.
The basilisk bites the bush but does no damage.
Your surroundings suddenly seem different.
An orc comes into view. It is wielding a +0 flail.
Found 16 stones.
The orc shouts!
You hear a shout!
A centaur comes into view.
It was a potion of resistance.
You feel protected.
The centaur shouts!
An orc comes into view. It is wielding a +0 flail.
It was a potion of mutation.
You feel extremely strange.
Iridescent scales grow over part of your body.
You feel stronger.
Your bones become slightly less dense.
The orc shouts!
An orc wizard comes into view. It is wielding a +0 dagger.
Okay, then.
It was a potion of invisibility.
You fade into invisibility!
The centaur wields a +0 shortbow.
The centaur shoots an arrow.
The arrow hits you.
* * * LOW HITPOINT WARNING * * *
You are very lightly contaminated with residual magic.
You hit the orc. You tail-slap the orc.
You kill the orc!
Okawaru accepts your kill.
The centaur shoots an arrow.
The arrow barely misses you.
The orc wizard mumbles some strange words.
The orc wizard flickers and vanishes for a moment.
The centaur shoots an arrow.
The arrow hits you.
* * * LOW HITPOINT WARNING * * *
The centaur shoots an arrow.
The arrow hits you.
You die...

. #.( #o
#.# #c#
#.#
##o.###.#
+.......#
#.....#
#.....#
#...@)#
.....#.#.#
... #.###
. #. #. ##


You could see a centaur, an orc wizard (invisible) and an orc.

Vanquished Creatures
  Joseph (D:8)
  Psyche (D:7)
  A water moccasin (D:7)
  Purgy (D:4)
  3 orc warriors
  2 ice beasts
  2 black bears (D:6)
  A sky beast (D:6)
  2 ogres
  A necrophage (D:6)
  A phantom (D:5)
  2 kobold brigands (D:6)
  2 bullfrogs (D:7)
  2 gnoll sergeants
  4 scorpions
  5 killer bees
  9 wights
  2 howler monkeys
  A lava snake (D:8)
  4 hounds
  3 orc priests
  A centaur zombie (D:6)
  A centaur skeleton (D:6)
  2 jellies (D:6)
  A gnoll shaman (D:5)
  A scorpion zombie (D:5)
  Jessica (D:3)
  Terence (D:3)
  An iguana (D:6)
  3 orc wizards
  A howler monkey zombie (D:8)
  20 gnolls
  8 adders
  A shadow imp (D:6)
  A white imp (D:6)
  2 worms
  4 dart slugs
  22 orcs
  6 endoplasms
  8 giant cockroaches
  5 goblins
  2 hobgoblins
  3 quokkas
  7 ball pythons
  4 bats
  4 frilled lizards
  16 kobolds
  A quokka skeleton (D:2)
  12 rats
189 creatures vanquished.

Vanquished Creatures (others)
  An orc wizard (D:8)
  4 fungi (D:9)
  9 plants (D:9)
14 creatures vanquished.

Grand Total: 203 creatures vanquished

Notes
Turn   | Place    | Note
-------+----------+-------------------------------------------
     0 | D:1      | SolCadguy the Palentonga Warper began the quest for the
                  | Orb.
     0 | D:1      | Reached XP level 1. HP: 17/17 MP: 3/3
   496 | D:1      | Reached XP level 2. HP: 23/23 MP: 5/5
   616 | D:1      | Reached skill level 3 in Axes
  1156 | D:2      | Learned a level 2 spell: Blink
  1268 | D:2      | Found a faded altar of an unknown god.
  1292 | D:2      | Reached XP level 3. HP: 24/28 MP: 6/6
  1888 | D:3      | Reached skill level 4 in Axes
  1911 | D:3      | Noticed Terence
  1932 | D:3      | Killed Terence
  1933 | D:3      | Reached XP level 4. HP: 22/35 MP: 7/7
  2199 | D:3      | Noticed Jessica
  2213 | D:3      | Killed Jessica
  2410 | D:3      | Reached skill level 5 in Axes
  2470 | D:3      | Reached XP level 5. HP: 31/40 MP: 8/8
  2966 | D:3      | Upgraded the game from 0.28-a0-653-g7e9dba17c3 to
                  | 0.28-a0-674-gdaf460b524
  3109 | D:4      | Noticed Purgy
  3231 | D:5      | Entered Level 5 of the Dungeon
  3493 | D:4      | Found a staircase to the Ecumenical Temple.
  3500 | Temple   | Entered the Ecumenical Temple
  3782 | Temple   | Became a worshipper of Warmaster Okawaru
  3876 | D:4      | Reached skill level 6 in Axes
  4183 | D:4      | Killed Purgy
  4184 | D:4      | Reached XP level 6. HP: 19/47 MP: 9/9
  4680 | D:4      | Reached skill level 7 in Axes
  5899 | D:5      | Gained mutation: You curl defensively after being hit.
                  | [Palentonga growth]
  5899 | D:5      | Reached XP level 7. HP: 29/53 MP: 10/10
  6391 | D:5      | Reached skill level 8 in Axes
  6730 | D:5      | Reached * piety under Okawaru
  7244 | D:5      | Reached skill level 9 in Axes
  7728 | D:6      | Reached XP level 8. HP: 41/59 MP: 11/11
  8414 | D:6      | Reached skill level 10 in Axes
  8753 | D:6      | Reached ** piety under Okawaru
  9482 | D:6      | Found a bloodstained altar of Trog.
  9517 | D:6      | Reached skill level 11 in Axes
 11019 | D:6      | Reached XP level 9. HP: 65/65 MP: 12/12
 11060 | D:7      | Reached skill level 12 in Axes
 11428 | D:6      | HP: 3/65 [black bear (9)]
 11429 | D:6      | HP: 1/65 [black bear (2)]
 12911 | D:7      | Paralysed by a wight for 3 turns
 13220 | D:7      | Reached skill level 13 in Axes
 13716 | D:8      | Noticed Joseph
 14384 | D:8      | Noticed Psyche
 14470 | D:7      | Killed Psyche
 14675 | D:7      | Reached *** piety under Okawaru
 14923 | D:7      | Reached skill level 14 in Axes
 14923 | D:7      | Reached skill level 1 in Armour
 15293 | D:8      | Killed Joseph
 15351 | D:8      | Reached XP level 10. HP: 59/71 MP: 13/13
 15557 | D:8      | Found a snail-covered altar of Cheibriados.
 16150 | D:9      | Found a staircase to the Lair.
 16175 | D:9      | Gained mutation: You are partially covered in iridescent
                  | scales. (AC +2) [potion of mutation]
 16175 | D:9      | Gained mutation: Your muscles are strong. (Str +2) [potion
                  | of mutation]
 16175 | D:9      | Gained mutation: You have a somewhat thin skeletal
                  | structure. (Dex +2, Stealth+) [potion of mutation]
 16179 | D:9      | Shot with an arrow by a centaur

Illustrated notes

Levels and vault maps discovered:
D:1:      scummos_arrival_gate, layout_loops_ring
D:2:      layout_loops_ring, basic_ecumenical_altar, minmay_hexomino_c4
D:3:      layout_loops_ring, uniq_jessica, uniq_terence
D:4:      layout_rooms, minmay_temple_entry_waves, uniq_purgy
D:5:      layout_basic, portal_sewer_entry_e
D:6:      layout_basic, minmay_ruined_shrine
D:7:      layout_rooms, nicolae_ossuary_entry_monument, chequers_jeans
D:8:      layout_rooms, cheibriados_altar_1, chequers_serial_rivers_small_b,
          hex_tiny, kennysheep_cross_bottleneck, uniq_psyche, uniq_joseph
D:9:      layout_basic, minmay_lair_entry_grove
Temple:   kilobyte_greek_temple

Skill      XL: |  1  2  3  4  5  6  7  8  9 10 |
---------------+-------------------------------+-----
Axes           | 3 4 5 6 7 9 11 14 | 14.0
Armour         | 2 3 |  3.3
Fighting       | |  2.0
Throwing       | |  0.6
Dodging        | |  1.5
Spellcasting   | |  2.0
Translocations | |  3.0

Action                   |  1- 3 |  4- 6 |  7- 9 | 10-12 || total
-------------------------+-------+-------+-------+-------++-------
Melee: Hand axe          |   127 |   191 |   627 |    51 ||   996
       Tailslap          |    12 |    17 |    77 |     7 ||   113
Throw: Boomerang         |     1 |     3 |     5 |       ||     9
 Cast: Blink             |       |       |    21 |     2 ||    23
Invok: Heroism           |       |       |    12 |     1 ||    13
 Abil: Rolling Charge    |    20 |    17 |    44 |     2 ||    83
Evoke: Wand              |       |       |    18 |       ||    18
  Use: Scroll            |     3 |     2 |     5 |     2 ||    12
       Potion            |       |     6 |     4 |     3 ||    13
Armor: Leather armour    |    15 |       |       |       ||    15
       Ring mail         |    37 |    81 |   217 |    27 ||   362
Dodge: Dodged            |    52 |    77 |   222 |    18 ||   369

Table legend: (Time is in decaauts)
 A = Elapsed time spent in this place.
 B = Non-inter-level travel time spent in this place.
 C = Inter-level travel time spent in this place.
 D = Time resting spent in this place.
 E = Time spent auto-exploring this place.
 F = Levels seen in this place.
 G = Mean time per level.
                   A        B        C        D        E       F      G
               +--------+--------+--------+--------+--------+-----+--------+
         Total |  16047 |  15445 |    602 |   7486 |   5663 |  10 | 1604.7 |
       Dungeon |  15409 |  14840 |    569 |   7011 |   5567 |   9 | 1712.1 |
        Temple |    637 |    604 |     33 |    475 |     96 |   1 |  637.0 |
               +--------+--------+--------+--------+--------+-----+--------+

Top non-repeatable levels by time:
     D:5: 3997 daAuts
     D:6: 3432 daAuts
     D:7: 2558 daAuts
     D:4: 1260 daAuts
     D:3: 1197 daAuts
     D:1: 1152 daAuts
     D:8: 1015 daAuts
     D:2: 745 daAuts
  Temple: 637 daAuts
     D:9: 50 daAuts
